Workbook
Name Comp_List_C: OFFSET([11]Past!$BT$22,1,0,[11]Past!$AM$20,1)
Name Comp_List_P: OFFSET([12]Pending!$BG$20,1,0,[12]Pending!$AE$20,1)
Name Data: [11]Past!$AE$25:$BL$1048576
Name Final_List_C: OFFSET([12]Pending!$BJ$19,1,0,COUNTA([12]Pending!$BJ:$BJ),1)
Name Final_List_P: OFFSET([12]Pending!$BM$19,1,0,COUNTA([12]Pending!$BM:$BM),1)
Name Final_listCC: OFFSET([11]Past!$BY$20,1,0,COUNTA([11]Past!$BY:$BY),1)
Name Final_ListPC: OFFSET([11]Past!$BW$20,1,0,COUNTA([11]Past!$BW:$BW),1)
Name IQ_CH: 110000
Name IQ_CQ: 5000
Name IQ_CY: 10000
Name IQ_DAILY: 500000
Name IQ_FH: 100000
Name IQ_FQ: 500
Name IQ_FY: 1000
Name IQ_LTM: 2000
Name IQ_MONTH: 15000
Name IQ_NTM: 6000
Name IQ_WEEK: 50000
Name IQ_YTD: 3000
Name SnI_Workbook: #REF!
Name SnI_Workbook: #REF!
Name Ticker_List_C: OFFSET([11]Past!$BU$22,1,0,[11]Past!$AL$20,1)
Name Ticker_List_P: OFFSET([12]Pending!$BH$20,1,0,[12]Pending!$AD$20,1)

Sheet DPU 2.01 ROE Summary
A1: Summary and Recommendation | G1: Value
A3: Single Stage DCF Models:
A5: Model Using Value Line Growth Rates | G5: ='DPU 2.03 Constant Growth DCF'!L18 -> 0.085520658
A7: Risk Premium Models:
A9: CAPM (High Estimate) | G9: ='DPU 2.05 CAPM'!F8 -> 0.089908333
A10: CAPM Kroll | G10: ='DPU 2.05 CAPM'!F12 -> 0.082908333
A11: CAPM Damodaran Average | G11: ='DPU 2.05 CAPM'!F25 -> 0.071486333
A12: Average Market Return adjusted by Bond Yield plus Risk Premium | G12: ='DPU 2.06 RP on Bond Yields'!G24 -> 0.0892
A13: High Market Return adjusted by Bond Yield plus Risk Premium | G13: ='DPU 2.06 RP on Bond Yields'!G13 -> 0.0963
A15: Mean of Above Estimates | G15: =AVERAGE(G5:G14) -> 0.085887276
A16: Median of Above Estimates | G16: =MEDIAN(G5:G14) -> 0.087360329
A18: Final Estimate Applicable to Corix | G18: 0.09
A20: Reasonable Range: 7.15% to 9.63%

Sheet DPU 2.02 WACC
A3: Corix Utah City Heating and Cooling LLC
A4: Weighted Average Cost of Capital
A5: Docket No. 26-2666-01
D8: Capital | E8: Weighted
C9: Rate | D9: Structure | E9: Rate
B11: Common Stock | C11: 0.1 | D11: 0.5 | E11: =C11*D11 -> 0.05
B12: Preferred Stock | C12: 0 | D12: 0 | E12: =C12*D12 -> 0
B13: Long-term Debt | C13: 0.056 | D13: =1-D11 -> 0.5 | E13: =C13*D13 -> 0.028
B15: WACC | D15: =SUM(D11:D14) -> 1 | E15: =SUM(E11:E14) -> 0.078

Sheet DPU 2.03 Constant Growth DCF
B2: Single State DCF Model Using Value Line Forecast Growth Rates
B4: Company | D4: Average Stock Price | E4: Annualized Dividend | F4: Dividend Yield | G4: 5 Year EPS Growth | H4: 5 Year Dividend Growth | I4: Estimated COE EPS Growth | J4: Estimated COE Dividend Growth | K4: 75-25 Wtd. Growth | L4: Estimated Cost of Equity Wtd. Growth
B5: ='2.01WP DPU VL Data Proxy Group'!B4 -> Atmos Energy | D5: ='2.02WP DPU Stock Prices'!B34 -> 175.802 | E5: ='2.01WP DPU VL Data Proxy Group'!I4 -> 4.18 | F5: =E5/D5 -> 0.023776749 | G5: ='2.01WP DPU VL Data Proxy Group'!G4*0.01 -> 0.095 | H5: =('2.01WP DPU VL Data Proxy Group'!L4)*0.01 -> 0.08 | I5: =F5*(1+G5)+G5 -> 0.12103554 | J5: =F5*(1+H5)+H5 -> 0.10567889 | K5: =G5*0.75+H5*0.25 -> 0.09125 | L5: =F5*(1+H5)+K5 -> 0.11692889
B6: ='2.01WP DPU VL Data Proxy Group'!B5 -> Chesapeake Utilities | D6: ='2.02WP DPU Stock Prices'!C34 -> 130.49733 | E6: ='2.01WP DPU VL Data Proxy Group'!I5 -> 2.99 | F6: =E6/D6 -> 0.022912346 | G6: ='2.01WP DPU VL Data Proxy Group'!G5*0.01 -> 0.07 | H6: =('2.01WP DPU VL Data Proxy Group'!L5)*0.01 -> 0.085 | I6: =F6*(1+G6)+G6 -> 0.09451621 | J6: =F6*(1+H6)+H6 -> 0.10985989 | K6: =G6*0.75+H6*0.25 -> 0.07375 | L6: =F6*(1+H6)+K6 -> 0.098609895
B7: ='2.01WP DPU VL Data Proxy Group'!B6 -> New Jersey Resources | D7: ='2.02WP DPU Stock Prices'!D34 -> 57.942 | E7: ='2.01WP DPU VL Data Proxy Group'!I6 -> 1.98 | F7: =E7/D7 -> 0.034172103 | G7: ='2.01WP DPU VL Data Proxy Group'!G6*0.01 -> 0.06 | H7: =('2.01WP DPU VL Data Proxy Group'!L6)*0.01 -> 0.07 | I7: =F7*(1+G7)+G7 -> 0.096222429 | J7: =F7*(1+H7)+H7 -> 0.10656415 | K7: =G7*0.75+H7*0.25 -> 0.0625 | L7: =F7*(1+H7)+K7 -> 0.09906415
B8: ='2.01WP DPU VL Data Proxy Group'!B7 -> NiSource Inc. | D8: ='2.02WP DPU Stock Prices'!E34 -> 46.194 | E8: ='2.01WP DPU VL Data Proxy Group'!I7 -> 1.24 | F8: =E8/D8 -> 0.026843313 | G8: ='2.01WP DPU VL Data Proxy Group'!G7*0.01 -> 0.06 | H8: =('2.01WP DPU VL Data Proxy Group'!L7)*0.01 -> 0.01 | I8: =F8*(1+G8)+G8 -> 0.088453912 | J8: =F8*(1+H8)+H8 -> 0.037111746 | K8: =G8*0.75+H8*0.25 -> 0.0475 | L8: =F8*(1+H8)+K8 -> 0.074611746
B9: ='2.01WP DPU VL Data Proxy Group'!B8 -> Northwest Natural | D9: ='2.02WP DPU Stock Prices'!F34 -> 50.304333 | E9: ='2.01WP DPU VL Data Proxy Group'!I8 -> 1.97 | F9: =E9/D9 -> 0.039161636 | G9: ='2.01WP DPU VL Data Proxy Group'!G8*0.01 -> 0.015 | H9: =('2.01WP DPU VL Data Proxy Group'!L8)*0.01 -> 0.005 | I9: =F9*(1+G9)+G9 -> 0.054749061 | J9: =F9*(1+H9)+H9 -> 0.044357444 | K9: =G9*0.75+H9*0.25 -> 0.0125 | L9: =F9*(1+H9)+K9 -> 0.051857444
B10: ='2.01WP DPU VL Data Proxy Group'!B9 -> ONE Gas Inc. | D10: ='2.02WP DPU Stock Prices'!G34 -> 78.804333 | E10: ='2.01WP DPU VL Data Proxy Group'!I9 -> 2.74 | F10: =E10/D10 -> 0.034769662 | G10: ='2.01WP DPU VL Data Proxy Group'!G9*0.01 -> 0.035 | H10: =('2.01WP DPU VL Data Proxy Group'!L9)*0.01 -> 0 | I10: =F10*(1+G10)+G10 -> 0.0709866 | J10: =F10*(1+H10)+H10 -> 0.034769662 | K10: =G10*0.75+H10*0.25 -> 0.02625 | L10: =F10*(1+H10)+K10 -> 0.061019662
B11: ='2.01WP DPU VL Data Proxy Group'!B10 -> Southwest Gas | D11: ='2.02WP DPU Stock Prices'!H34 -> 91.039333 | E11: ='2.01WP DPU VL Data Proxy Group'!I10 -> 2.58 | F11: =E11/D11 -> 0.028339399 | G11: ='2.01WP DPU VL Data Proxy Group'!G10*0.01 -> -0.065 | H11: =('2.01WP DPU VL Data Proxy Group'!L10)*0.01 -> 0.055 | I11: =F11*(1+G11)+G11 -> -0.038502662 | J11: =F11*(1+H11)+H11 -> 0.084898066 | K11: =G11*0.75+H11*0.25 -> -0.035 | L11: =F11*(1+H11)+K11 -> -0.005101934
B12: ='2.01WP DPU VL Data Proxy Group'!B11 -> Amer. States Water | D12: ='2.02WP DPU Stock Prices'!I34 -> 85.230667 | E12: ='2.01WP DPU VL Data Proxy Group'!I11 -> 2.21 | F12: =E12/D12 -> 0.025929634 | G12: ='2.01WP DPU VL Data Proxy Group'!G11*0.01 -> 0.095 | H12: =('2.01WP DPU VL Data Proxy Group'!L11)*0.01 -> 0.09 | I12: =F12*(1+G12)+G12 -> 0.12339295 | J12: =F12*(1+H12)+H12 -> 0.1182633 | K12: =G12*0.75+H12*0.25 -> 0.09375 | L12: =F12*(1+H12)+K12 -> 0.1220133
B13: ='2.01WP DPU VL Data Proxy Group'!B12 -> Artesian Res Corp | D13: ='2.02WP DPU Stock Prices'!J34 -> 34.103333 | E13: ='2.01WP DPU VL Data Proxy Group'!I12 -> 1.28 | F13: =E13/D13 -> 0.037532988 | G13: ='2.01WP DPU VL Data Proxy Group'!G12*0.01 -> 0.035 | H13: =('2.01WP DPU VL Data Proxy Group'!L12)*0.01 -> 0.04 | I13: =F13*(1+G13)+G13 -> 0.073846643 | J13: =F13*(1+H13)+H13 -> 0.079034307 | K13: =G13*0.75+H13*0.25 -> 0.03625 | L13: =F13*(1+H13)+K13 -> 0.075284307
B14: ='2.01WP DPU VL Data Proxy Group'!B13 -> California Water | D14: ='2.02WP DPU Stock Prices'!K34 -> 50.096 | E14: ='2.01WP DPU VL Data Proxy Group'!I13 -> 1.34 | F14: =E14/D14 -> 0.026748643 | G14: ='2.01WP DPU VL Data Proxy Group'!G13*0.01 -> 0.08 | H14: =('2.01WP DPU VL Data Proxy Group'!L13)*0.01 -> 0.07 | I14: =F14*(1+G14)+G14 -> 0.10888853 | J14: =F14*(1+H14)+H14 -> 0.098621048 | K14: =G14*0.75+H14*0.25 -> 0.0775 | L14: =F14*(1+H14)+K14 -> 0.10612105
B15: ='2.01WP DPU VL Data Proxy Group'!B14 -> Middlesex Water | D15: ='2.02WP DPU Stock Prices'!L34 -> 56.288 | E15: ='2.01WP DPU VL Data Proxy Group'!I14 -> 1.44 | F15: =E15/D15 -> 0.025582717 | G15: ='2.01WP DPU VL Data Proxy Group'!G14*0.01 -> 0.015 | H15: =('2.01WP DPU VL Data Proxy Group'!L14)*0.01 -> 0.06 | I15: =F15*(1+G15)+G15 -> 0.040966458 | J15: =F15*(1+H15)+H15 -> 0.087117681 | K15: =G15*0.75+H15*0.25 -> 0.02625 | L15: =F15*(1+H15)+K15 -> 0.053367681
B16: ='2.01WP DPU VL Data Proxy Group'!B15 -> York Water Co. (The) | D16: ='2.02WP DPU Stock Prices'!M34 -> 30.929 | E16: ='2.01WP DPU VL Data Proxy Group'!I15 -> 0.91 | F16: =E16/D16 -> 0.029422225 | G16: ='2.01WP DPU VL Data Proxy Group'!G15*0.01 -> 0.055 | H16: =('2.01WP DPU VL Data Proxy Group'!L15)*0.01 -> 0.04 | I16: =F16*(1+G16)+G16 -> 0.086040447 | J16: =F16*(1+H16)+H16 -> 0.070599114 | K16: =G16*0.75+H16*0.25 -> 0.05125 | L16: =F16*(1+H16)+K16 -> 0.081849114
B18: Mean | F18: =AVERAGE(F5:F16) -> 0.029599285 | G18: =AVERAGE(G5:G10,G12:G16) -> 0.055909091 | H18: =AVERAGE(H5:H16) -> 0.050416667 | I18: =AVERAGE(I5:I10,I12:I16) -> 0.087190798 | J18: =AVERAGE(J5:J16) -> 0.081406275 | K18: =AVERAGE(K5:K10,K12:K16) -> 0.054431818 | L18: =AVERAGE(L5:L10,L12:L16) -> 0.085520658
B19: Median | F19: =MEDIAN(F5:F16) -> 0.027591356 | G19: =MEDIAN(G5:G16) -> 0.0575 | H19: =MEDIAN(H5:H16) -> 0.0575 | I19: =MEDIAN(I5:I16) -> 0.08724718 | J19: =MEDIAN(J5:J16) -> 0.086007873 | K19: =MEDIAN(K5:K16) -> 0.049375 | L19: =MEDIAN(L5:L16) -> 0.078566711

Sheet DPU 2.04 Beta Report
A1: Company Name | B1: Value Line | C1: Zacks | D1: Yahoo Finance | F1: Average | G1: Median
A3: ='DPU 2.03 Constant Growth DCF'!B5 -> Atmos Energy | B3: ='2.01WP DPU VL Data Proxy Group'!D4 -> 0.75 | C3: 0.6 | D3: 0.62 | F3: =+AVERAGE(B3:D3) -> 0.65666667 | G3: =+MEDIAN(C3:D3) -> 0.61
A4: ='DPU 2.03 Constant Growth DCF'!B6 -> Chesapeake Utilities | B4: ='2.01WP DPU VL Data Proxy Group'!D5 -> 0.7 | C4: 0.55 | D4: 0.58 | F4: =+AVERAGE(B4:D4) -> 0.61 | G4: =+MEDIAN(C4:D4) -> 0.565
A5: ='DPU 2.03 Constant Growth DCF'!B7 -> New Jersey Resources | B5: ='2.01WP DPU VL Data Proxy Group'!D6 -> 0.75 | C5: 0.62 | D5: 0.65 | F5: =+AVERAGE(B5:D5) -> 0.67333333 | G5: =+MEDIAN(C5:D5) -> 0.635
A6: ='DPU 2.03 Constant Growth DCF'!B8 -> NiSource Inc. | B6: ='2.01WP DPU VL Data Proxy Group'!D7 -> 0.85 | C6: 0.48 | D6: 0.51 | F6: =+AVERAGE(B6:D6) -> 0.61333333 | G6: =+MEDIAN(C6:D6) -> 0.495
A7: ='DPU 2.03 Constant Growth DCF'!B9 -> Northwest Natural | B7: ='2.01WP DPU VL Data Proxy Group'!D8 -> 0.75 | C7: 0.58 | D7: 0.6 | F7: =+AVERAGE(B7:D7) -> 0.64333333 | G7: =+MEDIAN(C7:D7) -> 0.59
A8: ='DPU 2.03 Constant Growth DCF'!B10 -> ONE Gas Inc. | B8: ='2.01WP DPU VL Data Proxy Group'!D9 -> 0.75 | C8: 0.61 | D8: 0.64 | F8: =+AVERAGE(B8:D8) -> 0.66666667 | G8: =+MEDIAN(C8:D8) -> 0.625
A9: ='DPU 2.03 Constant Growth DCF'!B11 -> Southwest Gas | B9: ='2.01WP DPU VL Data Proxy Group'!D10 -> 0.8 | C9: 0.35 | D9: 0.38 | F9: =+AVERAGE(B9:D9) -> 0.51 | G9: =+MEDIAN(C9:D9) -> 0.365
A10: ='DPU 2.03 Constant Growth DCF'!B12 -> Amer. States Water | B10: ='2.01WP DPU VL Data Proxy Group'!D11 -> 0.75 | C10: 0.42 | D10: 0.45 | F10: =+AVERAGE(B10:D10) -> 0.54 | G10: =+MEDIAN(C10:D10) -> 0.435
A11: ='DPU 2.03 Constant Growth DCF'!B13 -> Artesian Res Corp | B11: ='2.01WP DPU VL Data Proxy Group'!D12 -> 0.7 | C11: 0.5 | D11: 0.52 | F11: =+AVERAGE(B11:D11) -> 0.57333333 | G11: =+MEDIAN(C11:D11) -> 0.51
A12: ='DPU 2.03 Constant Growth DCF'!B14 -> California Water | B12: ='2.01WP DPU VL Data Proxy Group'!D13 -> 0.75 | C12: 0.45 | D12: 0.48 | F12: =+AVERAGE(B12:D12) -> 0.56 | G12: =+MEDIAN(C12:D12) -> 0.465
A13: ='DPU 2.03 Constant Growth DCF'!B15 -> Middlesex Water | B13: ='2.01WP DPU VL Data Proxy Group'!D14 -> 0.8 | C13: 0.68 | D13: 0.71 | F13: =+AVERAGE(B13:D13) -> 0.73 | G13: =+MEDIAN(C13:D13) -> 0.695
A14: ='DPU 2.03 Constant Growth DCF'!B16 -> York Water Co. (The) | B14: ='2.01WP DPU VL Data Proxy Group'!D15 -> 0.7 | C14: 0.52 | D14: 0.56 | F14: =+AVERAGE(B14:D14) -> 0.59333333 | G14: =+MEDIAN(C14:D14) -> 0.54
A16: Mean | B16: =AVERAGE(B3:B14) -> 0.75416667 | C16: =AVERAGE(C3:C14) -> 0.53 | D16: =AVERAGE(D3:D14) -> 0.55833333 | F16: =AVERAGE(F3:F14) -> 0.61416667 | G16: =+MEDIAN(C16:D16) -> 0.54416667
A17: Median | B17: =MEDIAN(B3:B14) -> 0.75 | C17: =MEDIAN(C3:C14) -> 0.535 | D17: =MEDIAN(D3:D14) -> 0.57 | F17: =MEDIAN(F3:F14) -> 0.61166667 | G17: =MEDIAN(G3:G14) -> 0.5525
A24: Zacks and Yahoo Information accessed 8/6/2026
A25: Valueline Information from 8/5/2026

Sheet DPU 2.05 CAPM
B1: Capital Asset Pricing Model Results
B2: Kroll Market Risk Premium
C4: 1 | D4: =C4+1 -> 2 | E4: =D4+1 -> 3 | F4: [4]
C5: Risk-Free Rate | D5: Beta Coefficient | E5: ERP | F5: ROE
B6: Kroll [5]
B7: Average Beta for All Analysts | C7: 0.0522 | D7: ='DPU 2.04 Beta Report'!$F$16 -> 0.61416667 | E7: 0.05 | F7: =$C7+$D7*E7 -> 0.082908333
B8: Average Value Line Beta | C8: =C7 -> 0.0522 | D8: ='DPU 2.04 Beta Report'!$B$16 -> 0.75416667 | E8: =E7 -> 0.05 | F8: =$C8+$D8*E8 -> 0.089908333
B9: Average Zacks Beta | C9: =C8 -> 0.0522 | D9: ='DPU 2.04 Beta Report'!$C$16 -> 0.53 | E9: =E8 -> 0.05 | F9: =$C9+$D9*E9 -> 0.0787
B10: Average Yahoo Finance Beta | C10: =C9 -> 0.0522 | D10: ='DPU 2.04 Beta Report'!$D$16 -> 0.55833333 | E10: =E9 -> 0.05 | F10: =$C10+$D10*E10 -> 0.080116667
B12: Mean | F12: =AVERAGE(F7:F10) -> 0.082908333
B14: Capital Asset Pricing Model Results
B15: Damodaran Market Risk Premium
C17: 1 | D17: =C17+1 -> 2 | E17: =D17+1 -> 3 | F17: [4]
C18: Risk-Free Rate | D18: Beta Coefficient | E18: ERP | F18: ROE
B19: Damodaran [6]
B20: Average Beta for All Analysts | C20: 0.0452 | D20: ='DPU 2.04 Beta Report'!$F$16 -> 0.61416667 | E20: 0.0428 | F20: =$C20+$D20*E20 -> 0.071486333
B21: Average Value Line Beta | C21: 0.0452 | D21: ='DPU 2.04 Beta Report'!$B$16 -> 0.75416667 | E21: =E20 -> 0.0428 | F21: =$C21+$D21*E21 -> 0.077478333
B22: Average Zacks Beta | C22: 0.0452 | D22: ='DPU 2.04 Beta Report'!$C$16 -> 0.53 | E22: =E21 -> 0.0428 | F22: =$C22+$D22*E22 -> 0.067884
B23: Average Yahoo Finance Beta | C23: 0.0452 | D23: ='DPU 2.04 Beta Report'!$D$16 -> 0.55833333 | E23: =E22 -> 0.0428 | F23: =$C23+$D23*E23 -> 0.069096667
B25: Mean | F25: =AVERAGE(F20:F23) -> 0.071486333
B28: Notes:
B29: [1] See Notes [7]
B30: [2] Source: Exhibit 2.04
B31: [3]See Notes [5] and [6]
B32: [4] Equals Col. [1] + (Col. [2] x Col. [3])
B33: [5] Kroll September 2, 2025 ERP
B34: [6] Damodaran Trailing 12 month, with adjusted payout
B35: [7] 20-year U.S. Treasury Yield August 6, 2026

Sheet DPU 2.06 RP on Bond Yields
A2: Corix Utah City Heating and Cooling LLC
A3: Risk Premium Models Based On Bond Yields
A4: 46204
A7: Estimate of Total Market Return per Duff and Phelps | G7: ='DPU 2.05 CAPM'!C7+'DPU 2.05 CAPM'!E7 -> 0.1022
B8: Less: Baa Bond Yield July 1, 2026 | G8: 0.0619
B10: Estimate of Market Risk Premium to Average Corporate Bond | G10: =G7-G8 -> 0.0403
B11: Add: Corix's Estimated Current Long-Term Borrowing Rate 1/ | G11: 0.056
B13: Estimate of Corix's Cost of Equity | G13: =SUM(G10:G12) -> 0.0963
A16: Current Market Risk Premium per Damodaran | G16: ='DPU 2.05 CAPM'!C20+'DPU 2.05 CAPM'!E20 -> 0.088
B17: =B8 -> Less: Baa Bond Yield July 1, 2026 | G17: =G8 -> 0.0619
B19: Estimate of Market Risk Premium to Average Corporate Bond | G19: =G16-G17 -> 0.0261
B20: Add: Enbridge Gas Utah's Current Long-Term Borrowing Rate 1/ | G20: =G11 -> 0.056
B22: Estimate of Corix's Cost of Equity | G22: =SUM(G19:G21) -> 0.0821
B24: Mean Bond Yield Premium | G24: =(G13+G22)/2 -> 0.0892
B26: 1/ | C26: Estimated from information in
C27: Casey J. Coleman's Direct Testimony
C28: Exhibit DPU 2.02 WACC

Sheet DPU 2.07 ROE Chart
C1: 2020 | D1: 2021 | E1: 2022 | F1: 2023 | G1: 2024 | H1: 2025 | I1: 2026
B2: Min | C2: 0.088 | D2: 0.088 | E2: 0.09 | F2: 0.092 | G2: 0.0915 | H2: 0.095 | I2: 0.0928
B3: Max | C3: 0.1 | D3: 0.1024 | E3: 0.102 | F3: 0.105 | G3: 0.1044 | H3: 0.099 | I3: 0.1025
B4: Average | C4: 0.094 | D4: 0.0952 | E4: 0.096 | F4: 0.0985 | G4: 0.09795 | H4: 0.097 | I4: 0.0973

Sheet DPU 2.08 Bond Premium 
A1: Comparison of SOFR Rate to AAA and BAA Bonds
A2: observation_date | B2: SOFR | C2: AAA | D2: BAA | E2: AAA Premium | F2: BAA Premium | G2: Average | I2: observation_date | J2: SOFR | K2: AAA | L2: BAA | M2: AAA Premium | N2: BAA Premium | O2: Average
A3: =I3 -> 43191 | B3: =J3/100 -> 0.01742 | C3: =K3/100 -> 0.0385 | D3: =L3/100 -> 0.0467 | E3: =M3/100 -> 0.02108 | F3: =N3/100 -> 0.02928 | G3: =O3/100 -> 0.02518 | I3: 43191 | J3: =[17]SOFR!B2 -> 1.742 | K3: 3.85 | L3: 4.67 | M3: =K3-J3 -> 2.108 | N3: =L3-J3 -> 2.928 | O3: =(M3+N3)/2 -> 2.518
A4: =I4 -> 43221 | B4: =J4/100 -> 0.017304545 | C4: =K4/100 -> 0.04 | D4: =L4/100 -> 0.0483 | E4: =M4/100 -> 0.022695455 | F4: =N4/100 -> 0.030995455 | G4: =O4/100 -> 0.026845455 | I4: 43221 | J4: =[17]SOFR!B3 -> 1.7304545 | K4: 4 | L4: 4.83 | M4: =K4-J4 -> 2.2695455 | N4: =L4-J4 -> 3.0995455 | O4: =(M4+N4)/2 -> 2.6845455
A5: =I5 -> 43252 | B5: =J5/100 -> 0.018366667 | C5: =K5/100 -> 0.0396 | D5: =L5/100 -> 0.0483 | E5: =M5/100 -> 0.021233333 | F5: =N5/100 -> 0.029933333 | G5: =O5/100 -> 0.025583333 | I5: 43252 | J5: =[17]SOFR!B4 -> 1.8366667 | K5: 3.96 | L5: 4.83 | M5: =K5-J5 -> 2.1233333 | N5: =L5-J5 -> 2.9933333 | O5: =(M5+N5)/2 -> 2.5583333
A6: =I6 -> 43282 | B6: =J6/100 -> 0.019138095 | C6: =K6/100 -> 0.0387 | D6: =L6/100 -> 0.0479 | E6: =M6/100 -> 0.019561905 | F6: =N6/100 -> 0.028761905 | G6: =O6/100 -> 0.024161905 | I6: 43282 | J6: =[17]SOFR!B5 -> 1.9138095 | K6: 3.87 | L6: 4.79 | M6: =K6-J6 -> 1.9561905 | N6: =L6-J6 -> 2.8761905 | O6: =(M6+N6)/2 -> 2.4161905
A7: =I7 -> 43313 | B7: =J7/100 -> 0.019173913 | C7: =K7/100 -> 0.0388 | D7: =L7/100 -> 0.0477 | E7: =M7/100 -> 0.019626087 | F7: =N7/100 -> 0.028526087 | G7: =O7/100 -> 0.024076087 | I7: 43313 | J7: =[17]SOFR!B6 -> 1.9173913 | K7: 3.88 | L7: 4.77 | M7: =K7-J7 -> 1.9626087 | N7: =L7-J7 -> 2.8526087 | O7: =(M7+N7)/2 -> 2.4076087
A8: =I8 -> 43344 | B8: =J8/100 -> 0.019684211 | C8: =K8/100 -> 0.0398 | D8: =L8/100 -> 0.0488 | E8: =M8/100 -> 0.020115789 | F8: =N8/100 -> 0.029115789 | G8: =O8/100 -> 0.024615789 | I8: 43344 | J8: =[17]SOFR!B7 -> 1.9684211 | K8: 3.98 | L8: 4.88 | M8: =K8-J8 -> 2.0115789 | N8: =L8-J8 -> 2.9115789 | O8: =(M8+N8)/2 -> 2.4615789
A9: =I9 -> 43374 | B9: =J9/100 -> 0.021840909 | C9: =K9/100 -> 0.0414 | D9: =L9/100 -> 0.0507 | E9: =M9/100 -> 0.019559091 | F9: =N9/100 -> 0.028859091 | G9: =O9/100 -> 0.024209091 | I9: 43374 | J9: =[17]SOFR!B8 -> 2.1840909 | K9: 4.14 | L9: 5.07 | M9: =K9-J9 -> 1.9559091 | N9: =L9-J9 -> 2.8859091 | O9: =(M9+N9)/2 -> 2.4209091
A10: =I10 -> 43405 | B10: =J10/100 -> 0.022205 | C10: =K10/100 -> 0.0422 | D10: =L10/100 -> 0.0522 | E10: =M10/100 -> 0.019995 | F10: =N10/100 -> 0.029995 | G10: =O10/100 -> 0.024995 | I10: 43405 | J10: =[17]SOFR!B9 -> 2.2205 | K10: 4.22 | L10: 5.22 | M10: =K10-J10 -> 1.9995 | N10: =L10-J10 -> 2.9995 | O10: =(M10+N10)/2 -> 2.4995
A11: =I11 -> 43435 | B11: =J11/100 -> 0.023505263 | C11: =K11/100 -> 0.0402 | D11: =L11/100 -> 0.0513 | E11: =M11/100 -> 0.016694737 | F11: =N11/100 -> 0.027794737 | G11: =O11/100 -> 0.022244737 | I11: 43435 | J11: =[17]SOFR!B10 -> 2.3505263 | K11: 4.02 | L11: 5.13 | M11: =K11-J11 -> 1.6694737 | N11: =L11-J11 -> 2.7794737 | O11: =(M11+N11)/2 -> 2.2244737
A12: =I12 -> 43466 | B12: =J12/100 -> 0.02472381 | C12: =K12/100 -> 0.0393 | D12: =L12/100 -> 0.0512 | E12: =M12/100 -> 0.01457619 | F12: =N12/100 -> 0.02647619 | G12: =O12/100 -> 0.02052619 | I12: 43466 | J12: =[17]SOFR!B11 -> 2.472381 | K12: 3.93 | L12: 5.12 | M12: =K12-J12 -> 1.457619 | N12: =L12-J12 -> 2.647619 | O12: =(M12+N12)/2 -> 2.052619
A13: =I13 -> 43497 | B13: =J13/100 -> 0.024042105 | C13: =K13/100 -> 0.0379 | D13: =L13/100 -> 0.0495 | E13: =M13/100 -> 0.013857895 | F13: =N13/100 -> 0.025457895 | G13: =O13/100 -> 0.019657895 | I13: 43497 | J13: =[17]SOFR!B12 -> 2.4042105 | K13: 3.79 | L13: 4.95 | M13: =K13-J13 -> 1.3857895 | N13: =L13-J13 -> 2.5457895 | O13: =(M13+N13)/2 -> 1.9657895
A14: =I14 -> 43525 | B14: =J14/100 -> 0.024171429 | C14: =K14/100 -> 0.0377 | D14: =L14/100 -> 0.0484 | E14: =M14/100 -> 0.013528571 | F14: =N14/100 -> 0.024228571 | G14: =O14/100 -> 0.018878571 | I14: 43525 | J14: =[17]SOFR!B13 -> 2.4171429 | K14: 3.77 | L14: 4.84 | M14: =K14-J14 -> 1.3528571 | N14: =L14-J14 -> 2.4228571 | O14: =(M14+N14)/2 -> 1.8878571
... A101: =I101 -> 46174 | B101: =J101/100 -> 0.036280952 | C101: =K101/100 -> 0.0552 | D101: =L101/100 -> 0.06 | E101: =M101/100 -> 0.018919048 | F101: =N101/100 -> 0.023719048 | G101: =O101/100 -> 0.021319048 | I101: 46174 | J101: =[17]SOFR!B100 -> 3.6280952 | K101: 5.52 | L101: 6 | M101: =K101-J101 -> 1.8919048 | N101: =L101-J101 -> 2.3719048 | O101: =(M101+N101)/2 -> 2.1319048

Sheet 2.01WP DPU VL Data Proxy Group
B3: Company Name | C3: Ticker Symbol | D3: Beta | E3: Financial Strength | F3: Earnings Predictability | G3: EPS Growth 5-Year | H3: Proj 3-5 Yr EPS | I3: Indicated Annual Dividend | J3: % Current Yield | K3: Avg Annual Dividend Yield | L3: Dividend Growth 5-Year | M3: Proj Dividend Growth Rate | N3: Total Return 1-Year | O3: Total Return 3-Year | P3: Total Return 5-Year | Q3: Long Term Debt Ratio | R3: Common Equity Ratio | S3: Total Capital | T3: Return on Common Equity
A4: 1 | B4: ='[18]VL Natural Gas'!C13 -> Atmos Energy | C4: ='[18]VL Natural Gas'!D13 -> ATO | D4: ='[18]VL Natural Gas'!E13 -> 0.75 | E4: ='[18]VL Natural Gas'!F13 -> A | F4: ='[18]VL Natural Gas'!G13 -> 100 | G4: ='[18]VL Natural Gas'!H13 -> 9.5 | H4: ='[18]VL Natural Gas'!I13 -> 11 | I4: ='[18]VL Natural Gas'!J13 -> 4.18 | ... T4: ='[18]VL Natural Gas'!U13 -> 8.84
A5: =A4+1 -> 2 | B5: ='[18]VL Natural Gas'!C14 -> Chesapeake Utilities | C5: ='[18]VL Natural Gas'!D14 -> CPK | D5: ='[18]VL Natural Gas'!E14 -> 0.7 | E5: ='[18]VL Natural Gas'!F14 -> B++ | F5: ='[18]VL Natural Gas'!G14 -> 100 | G5: ='[18]VL Natural Gas'!H14 -> 7 | H5: ='[18]VL Natural Gas'!I14 -> 9.5 | I5: ='[18]VL Natural Gas'!J14 -> 2.99 | ... T5: ='[18]VL Natural Gas'!U14 -> 8.82
A6: =A5+1 -> 3 | B6: ='[18]VL Natural Gas'!C15 -> New Jersey Resources | C6: ='[18]VL Natural Gas'!D15 -> NJR | D6: ='[18]VL Natural Gas'!E15 -> 0.75 | E6: ='[18]VL Natural Gas'!F15 -> A | F6: ='[18]VL Natural Gas'!G15 -> 70 | G6: ='[18]VL Natural Gas'!H15 -> 6 | H6: ='[18]VL Natural Gas'!I15 -> 4.25 | I6: ='[18]VL Natural Gas'!J15 -> 1.98 | ... T6: ='[18]VL Natural Gas'!U15 -> 14.03
A7: =A6+1 -> 4 | B7: ='[18]VL Natural Gas'!C16 -> NiSource Inc. | C7: ='[18]VL Natural Gas'!D16 -> NI | D7: ='[18]VL Natural Gas'!E16 -> 0.85 | E7: ='[18]VL Natural Gas'!F16 -> B++ | F7: ='[18]VL Natural Gas'!G16 -> 100 | G7: ='[18]VL Natural Gas'!H16 -> 6 | H7: ='[18]VL Natural Gas'!I16 -> 3 | I7: ='[18]VL Natural Gas'!J16 -> 1.24 | ... T7: ='[18]VL Natural Gas'!U16 -> 9.8
A8: =A7+1 -> 5 | B8: ='[18]VL Natural Gas'!C17 -> Northwest Natural | C8: ='[18]VL Natural Gas'!D17 -> NWN | D8: ='[18]VL Natural Gas'!E17 -> 0.75 | E8: ='[18]VL Natural Gas'!F17 -> A | F8: ='[18]VL Natural Gas'!G17 -> 80 | G8: ='[18]VL Natural Gas'!H17 -> 1.5 | H8: ='[18]VL Natural Gas'!I17 -> 3.6 | I8: ='[18]VL Natural Gas'!J17 -> 1.97 | ... T8: ='[18]VL Natural Gas'!U17 -> 7.68
A9: =A8+1 -> 6 | B9: ='[18]VL Natural Gas'!C18 -> ONE Gas Inc. | C9: ='[18]VL Natural Gas'!D18 -> OGS | D9: ='[18]VL Natural Gas'!E18 -> 0.75 | E9: ='[18]VL Natural Gas'!F18 -> A | F9: ='[18]VL Natural Gas'!G18 -> 100 | G9: ='[18]VL Natural Gas'!H18 -> 3.5 | H9: ='[18]VL Natural Gas'!I18 -> 6.3 | I9: ='[18]VL Natural Gas'!J18 -> 2.74 | ... T9: ='[18]VL Natural Gas'!U18 -> 7.87
A10: =A9+1 -> 7 | B10: ='[18]VL Natural Gas'!C19 -> Southwest Gas | C10: ='[18]VL Natural Gas'!D19 -> SWX | D10: ='[18]VL Natural Gas'!E19 -> 0.8 | E10: ='[18]VL Natural Gas'!F19 -> B++ | F10: ='[18]VL Natural Gas'!G19 -> 5 | G10: ='[18]VL Natural Gas'!H19 -> -6.5 | H10: ='[18]VL Natural Gas'!I19 -> 6.5 | I10: ='[18]VL Natural Gas'!J19 -> 2.58 | ... T10: ='[18]VL Natural Gas'!U19 -> 6.68
A11: =A10+1 -> 8 | B11: Amer. States Water | C11: AWR | D11: 0.75 | E11: A | F11: 85 | G11: 9.5 | H11: 4.55 | I11: 2.21 | J11: 2.51 | K11: 2.57 | L11: 9 | M11: 8 | N11: 20.12 | O11: 4.81 | P11: 8.15 | Q11: 46.51 | R11: 53 | S11: 1973.7 | T11: 12.43
A12: =A11+1 -> 9 | B12: Artesian Res Corp | C12: ARTNA | D12: 0.7 | E12: B+ | F12: 90 | G12: 3.5 | I12: 1.28 | J12: 0 | K12: 3.77 | L12: 4 | N12: 8 | O12: -16.74 | P12: 2.03 | Q12: 42.39 | R12: 58.9 | S12: 424.2 | T12: 9.13
A13: =A12+1 -> 10 | B13: California Water | C13: CWT | D13: 0.75 | E13: B++ | F13: 40 | G13: 8 | H13: 3.1 | I13: 1.34 | J13: 2.59 | K13: 2.25 | L13: 7 | M13: 5.5 | N13: 15.73 | O13: 4.55 | P13: -10.25 | Q13: 48.14 | R13: 59.7 | S13: 2739.8 | T13: 11.66
A14: =A13+1 -> 11 | B14: Middlesex Water | C14: MSEX | D14: 0.8 | E14: B++ | F14: 85 | G14: 1.5 | H14: 3.25 | I14: 1.44 | J14: 2.51 | K14: 2.5 | L14: 6 | M14: 4 | N14: 10.35 | O14: -26.1 | P14: -39.6 | Q14: 45.91 | R14: 56.4 | S14: 876.1 | T14: 8.65
A15: =A14+1 -> 12 | B15: York Water Co. (The) | C15: YORW | D15: 0.7 | E15: B+ | F15: 90 | G15: 5.5 | I15: 0.91 | J15: 0 | K15: 2.75 | L15: 4 | N15: 3.64 | O15: -18.88 | P15: -28.25 | Q15: 49.49 | R15: 52 | S15: 462.2 | T15: 8.34
B18: Mean | D18: =AVERAGE(D4:D10, D11:D15) -> 0.75416667 | G18: =AVERAGE(G4:G10, G11:G15)*0.01 -> 0.045833333 | H18: =AVERAGE(H4:H10, H11:H15)*0.01 -> 0.05505 | J18: =AVERAGE(J4:J10, J11:J15)*0.01 -> 0.0236 | K18: =AVERAGE(K4:K10, K11:K15)*0.01 -> 0.030241667 | L18: =AVERAGE(L4:L10, L11:L15)*0.01 -> 0.050416667 | M18: =AVERAGE(M4:M10, M11:M15)*0.01 -> 0.0495 | N18: =AVERAGE(N4:N10, N11:N15)*0.01 -> 0.15384167 | O18: =AVERAGE(O4:O10, O11:O15)*0.01 -> 0.19925833 | P18: =AVERAGE(P4:P10, P11:P15)*0.01 -> 0.28556667 | Q18: =AVERAGE(Q4:Q10, Q11:Q15)*0.01 -> 0.48815833 | R18: =AVERAGE(R4:R10, R11:R15)*0.01 -> 0.52225 | T18: =AVERAGE(T4:T10, T11:T15)*0.01 -> 0.094941667
B19: Median | D19: =MEDIAN(D4:D10, D11:D15) -> 0.75 | G19: =MEDIAN(G4:G10, G11:G15)*0.01 -> 0.0575 | H19: =MEDIAN(H4:H10, H11:H15)*0.01 -> 0.044 | J19: =MEDIAN(J4:J10, J11:J15)*0.01 -> 0.0255 | K19: =MEDIAN(K4:K10, K11:K15)*0.01 -> 0.02755 | L19: =MEDIAN(L4:L10, L11:L15)*0.01 -> 0.0575 | M19: =MEDIAN(M4:M10, M11:M15)*0.01 -> 0.0575 | N19: =MEDIAN(N4:N10, N11:N15)*0.01 -> 0.1346 | O19: =MEDIAN(O4:O10, O11:O15)*0.01 -> 0.1505 | P19: =MEDIAN(P4:P10, P11:P15)*0.01 -> 0.1803 | Q19: =MEDIAN(Q4:Q10, Q11:Q15)*0.01 -> 0.4647 | R19: =MEDIAN(R4:R10, R11:R15)*0.01 -> 0.541 | T19: =MEDIAN(T4:T10, T11:T15)*0.01 -> 0.0883
B22: Info Accessed August 5, 2026 Value Line

Sheet 2.02WP DPU Stock Prices
A1: Date | B1: ='2.01WP DPU VL Data Proxy Group'!B4 -> Atmos Energy | C1: ='2.01WP DPU VL Data Proxy Group'!B5 -> Chesapeake Utilities | D1: ='2.01WP DPU VL Data Proxy Group'!B6 -> New Jersey Resources | E1: ='2.01WP DPU VL Data Proxy Group'!B7 -> NiSource Inc. | F1: ='2.01WP DPU VL Data Proxy Group'!B8 -> Northwest Natural | G1: ='2.01WP DPU VL Data Proxy Group'!B9 -> ONE Gas Inc. | H1: ='2.01WP DPU VL Data Proxy Group'!B10 -> Southwest Gas | I1: ='2.01WP DPU VL Data Proxy Group'!B11 -> Amer. States Water | J1: ='2.01WP DPU VL Data Proxy Group'!B12 -> Artesian Res Corp | K1: ='2.01WP DPU VL Data Proxy Group'!B13 -> California Water | L1: ='2.01WP DPU VL Data Proxy Group'!B14 -> Middlesex Water | M1: ='2.01WP DPU VL Data Proxy Group'!B15 -> York Water Co. (The)
A2: Ticker Sym | B2: ='2.01WP DPU VL Data Proxy Group'!C4 -> ATO | C2: ='2.01WP DPU VL Data Proxy Group'!C5 -> CPK | D2: ='2.01WP DPU VL Data Proxy Group'!C6 -> NJR | E2: ='2.01WP DPU VL Data Proxy Group'!C7 -> NI | F2: ='2.01WP DPU VL Data Proxy Group'!C8 -> NWN | G2: ='2.01WP DPU VL Data Proxy Group'!C9 -> OGS | H2: ='2.01WP DPU VL Data Proxy Group'!C10 -> SWX | I2: ='2.01WP DPU VL Data Proxy Group'!C11 -> AWR | J2: ='2.01WP DPU VL Data Proxy Group'!C12 -> ARTNA | K2: ='2.01WP DPU VL Data Proxy Group'!C13 -> CWT | L2: ='2.01WP DPU VL Data Proxy Group'!C14 -> MSEX | M2: ='2.01WP DPU VL Data Proxy Group'!C15 -> YORW
A3: =R51 -> 2026-08-06 | B3: =B51 -> 171.98 | C3: =C51 -> 133.5 | D3: =D51 -> 54.47 | E3: =E51 -> 43.38 | F3: =F51 -> 50.77 | G3: =G51 -> 79.62 | H3: =H51 -> 92.4 | I3: =I51 -> 85.67 | ... M3: =M51 -> 31.61
A4: =R52 -> 2026-08-05 | B4: =B52 -> 172.2 | C4: =C52 -> 133.84 | D4: =D52 -> 55.4 | E4: =E52 -> 42.91 | F4: =F52 -> 49.34 | G4: =G52 -> 79.25 | H4: =H52 -> 90.67 | I4: =I52 -> 84.94 | ... M4: =M52 -> 30.82
A5: =R53 -> 2026-08-04 | B5: =B53 -> 172.65 | C5: =C53 -> 133.09 | D5: =D53 -> 57.39 | E5: =E53 -> 44.53 | F5: =F53 -> 48.71 | G5: =G53 -> 77.33 | H5: =H53 -> 89.05 | I5: =I53 -> 85.4 | ... M5: =M53 -> 30.99
A6: =R54 -> 2026-08-03 | B6: =B54 -> 172.89 | C6: =C54 -> 133.86 | D6: =D54 -> 58.08 | E6: =E54 -> 44.53 | F6: =F54 -> 48.93 | G6: =G54 -> 78.4 | H6: =H54 -> 89.77 | I6: =I54 -> 84.75 | ... M6: =M54 -> 30.81
A7: =R55 -> 2026-07-31 | B7: =B55 -> 172.78 | C7: =C55 -> 132.78 | D7: =D55 -> 57.89 | E7: =E55 -> 44.43 | F7: =F55 -> 48.92 | G7: =G55 -> 77.65 | H7: =H55 -> 89.4 | I7: =I55 -> 85.64 | ... M7: =M55 -> 30.97
A8: =R56 -> 2026-07-30 | B8: =B56 -> 174.26 | C8: =C56 -> 133.17 | D8: =D56 -> 58.58 | E8: =E56 -> 45.07 | F8: =F56 -> 50.03 | G8: =G56 -> 78.09 | H8: =H56 -> 90.3 | I8: =I56 -> 85.96 | ... M8: =M56 -> 30.91
A9: =R57 -> 2026-07-29 | B9: =B57 -> 177.67 | C9: =C57 -> 136.78 | D9: =D57 -> 59.45 | E9: =E57 -> 44.81 | F9: =F57 -> 51.17 | G9: =G57 -> 79.81 | H9: =H57 -> 91.8 | I9: =I57 -> 87.86 | ... M9: =M57 -> 31.55
A10: =R58 -> 2026-07-28 | B10: =B58 -> 179.38 | C10: =C58 -> 137.92 | D10: =D58 -> 59.86 | E10: =E58 -> 45.73 | F10: =F58 -> 51.92 | G10: =G58 -> 80.7 | H10: =H58 -> 92.64 | I10: =I58 -> 88.06 | ... M10: =M58 -> 31.91
A11: =R59 -> 2026-07-27 | B11: =B59 -> 178.22 | C11: =C59 -> 135.61 | D11: =D59 -> 59.52 | E11: =E59 -> 45.81 | F11: =F59 -> 51.38 | G11: =G59 -> 79.97 | H11: =H59 -> 92.01 | I11: =I59 -> 86.09 | ... M11: =M59 -> 30.94
A12: =R60 -> 2026-07-24 | B12: =B60 -> 179.22 | C12: =C60 -> 135.78 | D12: =D60 -> 60.05 | E12: =E60 -> 46.68 | F12: =F60 -> 51.68 | G12: =G60 -> 80.53 | H12: =H60 -> 93.07 | I12: =I60 -> 86.41 | ... M12: =M60 -> 31.13
A13: =R61 -> 2026-07-23 | B13: =B61 -> 178.04 | C13: =C61 -> 134.61 | D13: =D61 -> 59.41 | E13: =E61 -> 46.75 | F13: =F61 -> 51.33 | G13: =G61 -> 79.98 | H13: =H61 -> 93.01 | I13: =I61 -> 87.17 | ... M13: =M61 -> 31.06
A14: =R62 -> 2026-07-22 | B14: =B62 -> 178.47 | C14: =C62 -> 135.23 | D14: =D62 -> 58.88 | E14: =E62 -> 46.57 | F14: =F62 -> 51.56 | G14: =G62 -> 80.27 | H14: =H62 -> 92.86 | I14: =I62 -> 87.03 | ... M14: =M62 -> 31.06
... A32: =R80 -> 2026-06-25 | B32: =B80 -> 173.67 | C32: =C80 -> 122.75 | D32: =D80 -> 56.7 | E32: =E80 -> 47.81 | F32: =F80 -> 50.5 | G32: =G80 -> 78.63 | H32: =H80 -> 89.05 | I32: =I80 -> 80.68 | ... M32: =M80 -> 30.34
A34: Mean | B34: =AVERAGE(B3:B32) -> 175.802 | C34: =AVERAGE(C3:C32) -> 130.49733 | D34: =AVERAGE(D3:D32) -> 57.942 | E34: =AVERAGE(E3:E32) -> 46.194 | F34: =AVERAGE(F3:F32) -> 50.304333 | G34: =AVERAGE(G3:G32) -> 78.804333 | H34: =AVERAGE(H3:H32) -> 91.039333 | I34: =AVERAGE(I3:I32) -> 85.230667 | ... M34: =AVERAGE(M3:M32) -> 30.929
A35: Median | B35: =MEDIAN(B3:B32) -> 175.685 | C35: =MEDIAN(C3:C32) -> 132.89 | D35: =MEDIAN(D3:D32) -> 57.995 | E35: =MEDIAN(E3:E32) -> 46.595 | F35: =MEDIAN(F3:F32) -> 50.45 | G35: =MEDIAN(G3:G32) -> 78.99 | H35: =MEDIAN(H3:H32) -> 91.17 | I35: =MEDIAN(I3:I32) -> 85.03 | ... M35: =MEDIAN(M3:M32) -> 30.93
A42: Date | B42: ATO | C42: CPK | D42: NJR | E42: NI | F42: NWN | G42: OGS | H42: SWX | I42: AWR | J42: ARTNA | K42: CWT | L42: MSEX | M42: YORW
A43: 2026-08-18T06:00:00.000Z | B43: 170.79 | C43: 136.76 | D43: 55.78 | E43: 42.13 | F43: 51.22 | G43: 81.04 | H43: 91.57 | I43: 89.2 | J43: 35.13 | K43: 50.01 | L43: 59.01 | M43: 33.54
A44: 2026-08-17T06:00:00.000Z | B44: 169.9 | C44: 134.55 | D44: 54.97 | E44: 42.37 | F44: 50.43 | G44: 79.98 | H44: 91.26 | I44: 87.87 | J44: 34.95 | K44: 49.66 | L44: 58.02 | M44: 33.06 | R44: =LEFT(A44,10) -> 2026-08-17
A45: 2026-08-14T06:00:00.000Z | B45: 169.92 | C45: 135.1 | D45: 55.6 | E45: 42.5 | F45: 50.86 | G45: 80.98 | H45: 92.6 | I45: 88.97 | J45: 35.78 | K45: 50.4 | L45: 58.73 | M45: 33.31 | R45: =LEFT(A45,10) -> 2026-08-14
A46: 2026-08-13T06:00:00.000Z | B46: 169.96 | C46: 135.35 | D46: 55.54 | E46: 42.08 | F46: 50.81 | G46: 81.01 | H46: 92.09 | I46: 88.73 | J46: 35.7 | K46: 50.19 | L46: 58.87 | M46: 33 | R46: =LEFT(A46,10) -> 2026-08-13
A47: 2026-08-12T06:00:00.000Z | B47: 169.59 | C47: 134.73 | D47: 55.36 | E47: 41.99 | F47: 50.34 | G47: 80.38 | H47: 92.17 | I47: 87.95 | J47: 35.08 | K47: 49.98 | L47: 58.27 | M47: 32.54 | R47: =LEFT(A47,10) -> 2026-08-12
A48: 2026-08-11T06:00:00.000Z | B48: 169.21 | C48: 133.56 | D48: 54.74 | E48: 42.01 | F48: 50.25 | G48: 79.6 | H48: 91.51 | I48: 87.54 | J48: 35.05 | K48: 49.98 | L48: 58.28 | M48: 32.5 | R48: =LEFT(A48,10) -> 2026-08-11
A49: 2026-08-10T06:00:00.000Z | B49: 167.92 | C49: 132.36 | D49: 53.68 | E49: 41.78 | F49: 49.57 | G49: 78.87 | H49: 90.56 | I49: 86.57 | J49: 34.59 | K49: 49.48 | L49: 57.74 | M49: 31.91 | R49: =LEFT(A49,10) -> 2026-08-10
A50: 2026-08-07T06:00:00.000Z | B50: 170.19 | C50: 133.85 | D50: 55.02 | E50: 42.61 | F50: 50.47 | G50: 80.22 | H50: 92.09 | I50: 87.39 | J50: 34.66 | K50: 50.53 | L50: 58.22 | M50: 31.7 | R50: =LEFT(A50,10) -> 2026-08-07
A51: 2026-08-06T06:00:00.000Z | B51: 171.98 | C51: 133.5 | D51: 54.47 | E51: 43.38 | F51: 50.77 | G51: 79.62 | H51: 92.4 | I51: 85.67 | J51: 34.4 | K51: 49.43 | L51: 57.37 | M51: 31.61 | R51: =LEFT(A51,10) -> 2026-08-06
A52: 2026-08-05T06:00:00.000Z | B52: 172.2 | C52: 133.84 | D52: 55.4 | E52: 42.91 | F52: 49.34 | G52: 79.25 | H52: 90.67 | I52: 84.94 | J52: 34.07 | K52: 49.74 | L52: 57.35 | M52: 30.82 | R52: =LEFT(A52,10) -> 2026-08-05
A53: 2026-08-04T06:00:00.000Z | B53: 172.65 | C53: 133.09 | D53: 57.39 | E53: 44.53 | F53: 48.71 | G53: 77.33 | H53: 89.05 | I53: 85.4 | J53: 33.98 | K53: 50.3 | L53: 57.63 | M53: 30.99 | R53: =LEFT(A53,10) -> 2026-08-04
A54: 2026-08-03T06:00:00.000Z | B54: 172.89 | C54: 133.86 | D54: 58.08 | E54: 44.53 | F54: 48.93 | G54: 78.4 | H54: 89.77 | I54: 84.75 | J54: 34.11 | K54: 49.38 | L54: 56.85 | M54: 30.81 | R54: =LEFT(A54,10) -> 2026-08-03
A55: 2026-07-31T06:00:00.000Z | B55: 172.78 | C55: 132.78 | D55: 57.89 | E55: 44.43 | F55: 48.92 | G55: 77.65 | H55: 89.4 | I55: 85.64 | J55: 34.35 | K55: 50.11 | L55: 57.3 | M55: 30.97 | R55: =LEFT(A55,10) -> 2026-07-31
... A106: 2026-05-18T06:00:00.000Z | B106: 178.52 | C106: 126.83 | D106: 57.62 | E106: 46.55 | F106: 49.55 | G106: 83.24 | H106: 88.94 | I106: 75.92 | J106: 31.78 | K106: 42.82 | L106: 51.07 | M106: 29.29 | R106: =LEFT(A106,10) -> 2026-05-18
